 Dungeon Crawl Stone Soup version 0.28-a0-1234-g826d19b2e0 (webtiles) character file.

Game seed: 7111595905896769064

305719 DoubleLucky the Brawler (level 20, -2/218 HPs)
             Began as a Troll Fighter on Dec 21, 2021.
             Was the Champion of Qazlal.
             Killed from afar by an ironbound frostheart (30 damage)
             ... by creeping frost
             ... on level 2 of the Vaults on Dec 24, 2021.
             The game lasted 04:56:56 (41633 turns).

DoubleLucky the Brawler (Troll Fighter)            Turns: 41633, Time: 04:56:57

Health: -2/218     AC: 15    Str: 38    XL:     20   Next: 29%
Magic:  16/27      EV: 10    Int: 12    God:    Qazlal [******]
Gold:   1744       SH: 25    Dex:  9    Spells: 19/19 levels left

rFire   . . .      SeeInvis .     - Unarmed
rCold   + . .      Faith    .   T - +0 tower shield
rNeg    + . .      Spirit   .   S - +2 troll leather armour
rPois   +          Reflect  .   e - +2 hat of Eternal Vigilance {rN+ Str+5 Int+6}
rElec   .          Harm     .   m - +2 cloak {rCorr}
rCorr   +          Rampage  .   (gloves unavailable)
Will    +....                   (boots unavailable)
Stlth   +.........              a - amulet of regeneration
HPRegen 2.86/turn               i - +4 ring of slaying
MPRegen 0.20/turn               u - ring of poison resistance

@: mighty, frozen, protected from cold, repel missiles, very slow
A: large, unfitting armour, claws 3, regeneration 1, shaggy fur 1, tough skin 1
}: 2/15 runes: serpentine, barnacled
a: Renounce Religion, Upheaval, Elemental Force, Disaster Area


You were on level 2 of the Vaults.
You worshipped Qazlal.
Qazlal was exalted by your worship.
You visited 7 branches of the dungeon, and saw 33 of its levels.
You also visited: Sewer, Bailey and Ice Cave.

You collected 4694 gold pieces.
You spent 2950 gold pieces at shops.

Inventory:

Missiles
 t - 7 silver javelins (quivered)
 y - 16 throwing nets
 z - 53 poisoned darts
 B - a curare-tipped dart
 H - 51 boomerangs
 K - 11 large rocks
 Q - 7 javelins
 Z - 7 boomerangs of dispersal
Armour
 e - the +2 hat of Eternal Vigilance (worn) {rN+ Str+5 Int+6}
   (You acquired it on level 11 of the Dungeon)

   Str:       It affects your strength (+5).
   Int:       It affects your intelligence (+6).
   rN:        It protects you from negative energy.
 m - a +2 cloak of preservation (worn)
 F - a +2 robe of willpower
 S - a +2 troll leather armour (worn)
 T - a +0 tower shield (worn)
Jewellery
 a - an amulet of regeneration (around neck)
 b - an amulet of the acrobat
 i - a +4 ring of slaying (left claw)
 u - a ring of poison resistance (right claw)
 I - a ring of protection from cold
 J - a ring of see invisible
Wands
 d - a wand of charming (14)
 h - a wand of digging (6)
 M - a wand of iceblast (29)
 R - a wand of mindburst (25)
 V - a wand of flame (17)
 X - a wand of acid (7)
 Y - a wand of polymorph (8)
Scrolls
 f - 11 scrolls of teleportation
 g - a scroll of identify
 j - 4 scrolls of magic mapping
 l - 2 scrolls of fear
 q - 2 scrolls of holy word
 v - 2 scrolls of silence
 w - 2 scrolls of summoning
 L - 4 scrolls of fog
 U - a scroll of blinking
Potions
 c - 4 potions of might
 n - a potion of berserk rage
 o - 3 potions of lignification
 p - 9 potions of curing
 x - 8 potions of magic
 A - 6 potions of brilliance
 C - 7 potions of flight
 G - a potion of cancellation
 W - 9 potions of ambrosia


   Skills:
 + Level 17.0 Fighting
 - Level 9.1 Throwing
 + Level 9.7 Armour
 - Level 5.0 Dodging
 - Level 15.0 Shields
 + Level 19.9 Unarmed Combat
 + Level 10.7 Invocations


You had 19 spell levels left.
You didn't know any spells.
Your spell library contained the following spells:

 Spells                   Type           Power      Damage    Failure   Level
 Foxfire                  Conj/Fire      0%         2x1d4     34%         1
 Magic Dart               Conj           0%         1d3       34%         1
 Sandblast                Erth           0%         2d4       34%         1
 Summon Small Mammal      Summ           0%         N/A       34%         1
 Blink                    Tloc           0%         N/A       47%         2
 Call Imp                 Summ           0%         N/A       47%         2
 Ensorcelled Hibernation  Hex/Ice        0%         N/A       47%         2
 Passwall                 Tmut/Erth      0%         N/A       47%         2
 Static Discharge         Conj/Air       0%         N/A       47%         2
 Conjure Flame            Conj/Fire      0%         6-21      71%         3
 Frozen Ramparts          Ice            0%         1d2       71%         3
 Gell's Gravitas          Tloc           0%         N/A       71%         3
 Ignite Poison            Fire/Tmut/Pois 0%         N/A       71%         3
 Inner Flame              Hex/Fire       0%         N/A       71%         3
 Mephitic Cloud           Conj/Pois/Air  0%         N/A       71%         3
 Ozocubu's Armour         Ice            0%         N/A       71%         3
 Stone Arrow              Conj/Erth      0%         3d7       71%         3
 Summon Guardian Golem    Hex/Summ       0%         N/A       71%         3
 Teleport Other           Tloc           0%         N/A       71%         3
 Tukima's Dance           Hex            0%         N/A       71%         3
 Airstrike                Air            0%         N/A       98%         4
 Cause Fear               Hex            0%         N/A       98%         4
 Dispel Undead            Necr           0%         3d6       98%         4
 Flame Wave               Conj/Fire      0%         2d4       98%         4
 Hailstorm                Conj/Ice       0%         3d3       98%         4
 Ice Form                 Ice/Tmut       0%         N/A       98%         4
 Sticky Flame             Conj/Fire      0%         2d3       98%         4
 Summon Lightning Spire   Summ/Air       0%         N/A       98%         4
 Blade Hands              Tmut           0%         N/A       100%        5
 Freezing Cloud           Conj/Ice/Air   0%         6-21      100%        5
 Irradiate                Conj/Tmut      0%         3d13      100%        5
 Lightning Bolt           Conj/Air       0%         1d11      100%        5
 Manifold Assault         Tloc           0%         N/A       100%        5
 Dispersal                Tloc           0%         N/A       100%        6
 Simulacrum               Ice/Necr       0%         N/A       100%        6
 Dragon Form              Tmut           0%         N/A       100%        7
 Haunt                    Necr/Summ      0%         N/A       100%        7
 Ozocubu's Refrigeration  Ice            0%         4d5       100%        7
 Storm Form               Tmut/Air       0%         N/A       100%        7
 Discord                  Hex            0%         N/A       100%        8
 Chain Lightning          Conj/Air       0%         N/A       100%        9
 Dragon's Call            Summ           0%         N/A       100%        9


Dungeon Overview and Level Annotations

Branches:
Dungeon (14/15)            Temple (1/1) D:6            Lair (6/6) D:10
 Shoals (4/4) Lair:4        Snake (4/4) Lair:3        Slime (0/5) Lair:6
    Orc (2/2) D:12            Elf (0/3) Orc:2        Vaults (2/5) D:14
  Crypt (0/3) Vaults:2      Sewer (visited)          Bailey (visited)
  IceCv (visited)

Altars:
Ashenzari
Cheibriados
Dithmenos
Elyvilon
Fedhas
Gozag
Hepliaklqana
Kikubaaqudgha
Makhleb
Nemelex Xobeh
Okawaru
Qazlal
Ru
Sif Muna
Trog
Uskayaw
Vehumet
Wu Jian
Xom
Yredelemnul
Zin
The Shining One
Beogh
Jiyva
Lugonu

Shops:
D:12 ([   Orc:2 !![*   Shoals:1 ??!   Snake:4 ?

Portals:
Abyss: Lair:6

Annotations:
D:7 1 runed translucent door, Crazy Yiuf
Shoals:4 3 runed translucent doors
Snake:1 exclusion: downstairs
Vaults:2 1 transporter


Innate Abilities, Weirdness & Mutations

You are too large for most types of armour.
You have claws for hands.
Your natural rate of healing is unusually fast.
You are covered in fur. (AC +1)
You have tough skin. (AC +1)


Message History

Your resistance to physical damage fades away.
You feel protected from cold.
* * * LOW HITPOINT WARNING * * *
You are encased in ice.
Your magical effects are unravelling.
You feel magically purged.
You flicker back into view.
The sentinel's mark upon you fades away.
The ice encasing you melts away.
You hear a grinding noise.
You block the stone giant's attack.
The ironbound frostheart is engulfed in blazing flames.
The ironbound frostheart is engulfed in blazing flames.
The ironbound frostheart calls freezing cold from the walls.
The frost grips you! You partially resist.
* * * LOW HITPOINT WARNING * * *
You are encased in ice.
Things that are here:
a +0 flail; a +0 ring mail
Okay, then.
Unknown command.
Unknown command.
You feel very mighty all of a sudden.
The stone giant hits you but does no damage.
The ironbound frostheart calls freezing cold from the walls.
The frost grips you! You partially resist.
* * * LOW HITPOINT WARNING * * *
You feel better.
You hear a grinding noise.
You block the stone giant's attack.
The fire giant is engulfed in blazing flames.
You mangle the stone giant!!
The stone giant is moderately wounded.
You block the stone giant's attack.
You eviscerate the stone giant!!!
The stone giant is severely wounded.
The ironbound frostheart calls freezing cold from the walls.
The frost grips you!! You partially resist.
You feel more protected from cold.
You die...

..### #.# #.# ..### #.#
######...## #.# ....#
#.# ######.>.###### #.#
#...# #.#
#.####..#####.# #.#
#...# #.#
#..##....###..# #.#
##'## #.#
#..#......##..# #.#
....# #.#
#§..○.#(...#..# #.#
....# #.#
#☼§..##..#.#..# #.#
....# #.#
#..@###..##.### #.#
....# #.#
#.#C###..###### #.#
....# #.#
#.##p##e.####T# #.#
....# #.#
####eCYp.###### #.#
....# #.#
####Ypp..###### #.#
..[.#
#.#####c..).....#####.#
..[.#
#.....#.........#.....#
#######
#####.#.........#.#####
..[...####
#.#.........#.#


You could see 2 dire elephants, a fire giant, a stone giant, a deep elf
annihilator, a deep elf death mage, 2 ironbound frosthearts, 2 ironbound
convokers and a yaktaur.

Vanquished Creatures
  Vashnia (Snake:2)
  Mlioglotl (Shoals:3)
  Jorgrun (Snake:2)
  Rupert (D:13)
  6 nagarajas
  The ghost of Oliatz the Eclecticist, an adept DjFE of Makhleb (Shoals:3)
  A fire giant (Vaults:2)
  7 vault wardens
  A curse skull (Vaults:2)
  4 orc warlords
  3 ironbound thunderhulks (Vaults:2)
  A stone giant (Vaults:2)
  13 ironbound preservers
  An elemental wellspring (Shoals:2)
  3 entropy weavers (Vaults:1)
  8 dire elephants (Vaults:2)
  10 merfolk impalers
  Josephine (D:11)
  3 merfolk javelineers (Shoals:4)
  An ettin (Vaults:2)
  2 yaktaur captains
  7 vault guards
  A great orb of eyes (Vaults:2)
  8 hydras
  6 salamander tyrants
  15 naga warriors
  15 anacondas
  The ghost of unhaunting the Reanimator, a journeyman GnNe of Okawaru (Lair:1)
  10 merfolk aquamancers
  3 boulder beetles
  4 centaur warriors
  2 alligator snapping turtles (Shoals:4)
  2 merfolk avatars
  5 ironbound frosthearts
  3 two-headed ogres
  A tengu warrior (D:14)
  3 satyrs
  2 orc high priests (Orc:1)
  20 death yaks
  15 shock serpents
  3 thrashing horrors (Lair:6)
  16 naga sharpshooters
  A hell knight (Vaults:2)
  A sixfirhy (D:11)
  4 skeletal warriors
  7 salamander mystics
  6 sea snakes
  9 naga ritualists
  An entropy weaver zombie (Vaults:1)
  37 deep trolls
  5 lindwurms (Vaults:1)
  2 necromancers
  7 ironbound convokers
  5 orc knights
  7 wizards
  Pikel (D:6)
  15 mana vipers
  13 ugly things
  2 deep elf pyromancers
  11 orc sorcerers
  41 harpies
  3 cyclopes
  25 manticores
  A moth of wrath (Lair:1)
  15 fauns
  A spectral merfolk (Shoals:3)
  30 salamanders
  3 elephants (Lair:5)
  41 black mambas
  A molten gargoyle (D:14)
  10 merfolk sirens
  20 naga magi
  8 water nymphs
  An ice statue (IceCv)
  7 vault sentinels
  6 guardian serpents
  A smoke demon (Lair:6)
  4 orange demons (D:14)
  2 gargoyles
  A torpor snail (Lair:6)
  11 cane toads
  2 unseen horrors (D:12)
  7 yaktaurs
  3 kobold demonologists
  2 rime drakes (Lair:1)
  12 komodo dragons
  2 ancient zymes (Lair:6)
  2 red devils (D:14)
  11 wind drakes
  38 merfolk
  8 polar bears
  A queen bee (shapeshifter) (Lair:6)
  A human zombie (Vaults:1)
  2 large abominations (Lair:6)
  3 trolls
  A wind drake (shapeshifter) (D:14)
  5 slime creatures
  38 blink frogs
  2 spectral manticores (Shoals:3)
  7 snapping turtles
  A flying skull (Vaults:2)
  6 spriggans
  15 water elementals
  4 redbacks (Vaults:1)
  A tarantella (shapeshifter) (D:13)
  2 hornets (Lair:1)
  A ynoxinul (Lair:6)
  2 tarantellas (Vaults:1)
  2 wyverns
  A spriggan (shapeshifter) (D:14)
  A hog (shapeshifter) (Lair:6)
  18 humans (D:14)
  A vampire (D:13)
  8 wraiths
  44 yaks
  A sea snake simulacrum (Shoals:3)
  6 basilisks
  2 chaos spawn (Lair:6)
  A fire elemental (D:14)
  2 humans (shapeshifter)
  An elf simulacrum (Vaults:1)
  7 vampire mosquitoes
  Grum (D:8)
  A steam dragon (Lair:3)
  Menkaure (D:7)
  3 acid dragons
  46 nagas
  9 wargs
  15 water moccasins
  A floating eye (shapeshifter) (Lair:6)
  Pargi (Sewer)
  39 orc warriors
  4 merfolk simulacra (Shoals:3)
  2 black bears
  A sky beast (D:8)
  4 necrophages
  35 wolves
  9 ogres
  10 small abominations (Lair:6)
  8 centaurs
  3 lemures (D:6)
  11 bullfrogs
  2 kobold brigands
  A gnoll sergeant (D:6)
  5 scorpions
  4 wyvern zombies
  A water moccasin skeleton (D:5)
  12 killer bees (Lair:3)
  An electric eel (D:11)
  4 howler monkeys
  A spectral centaur (Shoals:3)
  A lava snake (D:14)
  2 centaur zombies
  2 jellies
  22 orc priests
  2 centaur skeletons
  4 hounds
  A cyclops simulacrum (Shoals:3)
  A gnoll shaman (D:8)
  4 iguanas
  41 orc wizards
  A killer bee zombie (D:6)
  A hound skeleton (D:4)
  12 gnolls
  2 howler monkey zombies
  8 adders
  A river rat (D:4)
  A white imp (D:5)
  2 worms (D:2)
  7 dart slugs
  104 orcs
  8 ball pythons
  4 bats
  7 endoplasms
  4 giant cockroaches
  14 goblins
  13 hobgoblins
  8 jackals (D:2)
  4 quokkas
  9 frilled lizards
  24 kobolds
  8 rats
  2 butterflies (Lair:3)
  A plant (Shoals:2)
1412 creatures vanquished.

Vanquished Creatures (collateral kills)
  A merfolk avatar (Shoals:1)
  A centaur warrior (Vaults:2)
  2 deep troll earth magi (Vaults:2)
  A naga mage (Snake:4)
  A merfolk siren (Shoals:1)
  A queen bee (Lair:3)
  A merfolk (Shoals:4)
  A water elemental (Shoals:4)
  A basilisk (Lair:4)
  A warg (Orc:2)
  A naga (Snake:4)
  2 orc warriors (Orc:2)
  A wolf (Lair:5)
  11 killer bees (Lair:3)
  An orc (Orc:2)
27 creatures vanquished.

Vanquished Creatures (others)
  A wolf (IceCv)
  An orc wizard (Orc:2)
  An orc (Orc:2)
  54 fungi
  100 plants
157 creatures vanquished.

Grand Total: 1596 creatures vanquished

Notes
Turn   | Place    | Note
-------+----------+-------------------------------------------
     0 | D:1      | DoubleLucky the Troll Fighter began the quest for the Orb.
     0 | D:1      | Reached XP level 1. HP: 22/22 MP: 0/0
    71 | D:1      | Reached XP level 2. HP: 29/29 MP: 1/1
   380 | D:1      | Found a faded altar of an unknown god.
   942 | D:2      | Reached skill level 3 in Unarmed Combat
   942 | D:2      | Reached XP level 3. HP: 34/37 MP: 2/2
  1478 | D:2      | Reached XP level 4. HP: 45/45 MP: 3/3
  2082 | D:3      | Noticed a necrophage
  2092 | D:3      | Killed a necrophage
  2093 | D:3      | Reached skill level 1 in Throwing
  2093 | D:3      | Reached XP level 5. HP: 48/53 MP: 4/4
  2515 | D:4      | Reached skill level 4 in Unarmed Combat
  2519 | D:4      | Reached XP level 6. HP: 58/62 MP: 5/5
  2632 | D:4      | You fall into a shaft and drop 2 floors!
  2635 | D:5      | Entered Level 5 of the Dungeon
  2674 | D:5      | Noticed a water moccasin
  2680 | D:5      | Killed a water moccasin
  2837 | D:4      | Found a glowing drain.
  2862 | D:4      | Reached XP level 7. HP: 52/71 MP: 6/6
  2879 | Sewer    | Entered a sewer
  2949 | Sewer    | Noticed Pargi
  2960 | Sewer    | Killed Pargi
  2961 | Sewer    | Reached skill level 5 in Unarmed Combat
  3693 | D:4      | Reached skill level 5 in Fighting
  4030 | D:5      | Reached XP level 8. HP: 80/80 MP: 7/7
  4571 | D:5      | Upgraded the game from 0.28-a0-1212-gc6b4282bc0 to
                  | 0.28-a0-1233-g92def6ad0a
  4625 | D:6      | Reached skill level 6 in Unarmed Combat
  5031 | D:6      | Reached skill level 7 in Unarmed Combat
  5043 | D:6      | Reached XP level 9. HP: 83/89 MP: 8/8
  5156 | D:6      | Noticed Pikel
  5219 | D:6      | Killed Pikel
  5233 | D:6      | Found a glowing golden altar of the Shining One.
  5281 | D:6      | Noticed a two-headed ogre
  5344 | D:6      | Killed a two-headed ogre
  5345 | D:6      | Reached skill level 5 in Throwing
  5345 | D:6      | Reached skill level 5 in Shields
  5494 | D:6      | Reached skill level 8 in Unarmed Combat
  5497 | D:6      | Found a staircase to the Ecumenical Temple.
  5583 | Temple   | Entered the Ecumenical Temple
  5871 | Temple   | Became a worshipper of Qazlal Stormbringer
  6033 | D:7      | Noticed Menkaure
  6038 | D:7      | Killed Menkaure
  6067 | D:7      | Found a runed translucent door.
  6067 | D:7      | Identified the +11 mace "Yhen" {freeze, rC+}
  6071 | D:7      | Noticed Crazy Yiuf
  6204 | D:7      | Reached skill level 1 in Invocations
  7014 | D:8      | Reached XP level 10. HP: 82/102 MP: 10/10
  7231 | D:8      | Noticed Grum
  7246 | D:8      | Killed Grum
  7485 | D:8      | Reached * piety under Qazlal
  7825 | D:9      | Reached skill level 9 in Unarmed Combat
  7936 | D:9      | Noticed a cyan ugly thing
  7980 | D:9      | Killed a cyan ugly thing
  8990 | D:10     | Entered Level 10 of the Dungeon
  9040 | D:10     | Noticed a deep elf pyromancer
  9062 | D:10     | Killed a deep elf pyromancer
  9237 | D:10     | Reached XP level 11. HP: 111/111 MP: 13/13
  9256 | D:10     | Reached ** piety under Qazlal
  9557 | D:10     | Found a staircase to the Lair.
 10050 | D:11     | Noticed a boulder beetle
 10086 | D:11     | Killed a boulder beetle
 10276 | D:11     | Noticed a six-headed hydra
 10433 | D:11     | Killed a six-headed hydra
 10562 | D:11     | Reached skill level 5 in Invocations
 10643 | D:11     | Noticed Josephine
 10668 | D:11     | Killed Josephine
 10669 | D:11     | Reached skill level 10 in Unarmed Combat
 10992 | D:11     | Noticed a sixfirhy
 10994 | D:11     | Found a runed translucent door.
 11290 | D:12     | Reached *** piety under Qazlal
 11595 | D:12     | Found Resusmiw's Weapon Shop.
 11595 | D:12     | Found a staircase to the Orcish Mines.
 11611 | D:12     | Reached XP level 12. HP: 118/122 MP: 15/15
 11618 | D:12     | Found Sezelik's Armour Shop.
 11796 | D:12     | HP: 6/123 [skeletal warrior[a skeletal warrior] (24)]
 12021 | D:12     | Noticed a two-headed ogre
 12061 | D:12     | Killed a two-headed ogre
 12132 | D:12     | Found Kaloaq's Book Boutique.
 12292 | D:12     | Noticed a four-headed hydra
 12333 | D:12     | Killed a four-headed hydra
 12514 | D:13     | Noticed a centaur warrior
 12523 | D:13     | Killed a centaur warrior
 12525 | D:13     | Noticed a four-headed hydra
 12529 | D:13     | Noticed a centaur warrior
 12637 | D:13     | Killed a centaur warrior
 12641 | D:13     | Reached skill level 11 in Unarmed Combat
 12659 | D:13     | Reached **** piety under Qazlal
 12779 | D:12     | Killed a four-headed hydra
 12852 | Lair:1   | Entered Level 1 of the Lair of Beasts
 12987 | Lair:1   | Found a transporter.
 12987 | Lair:1   | Found a transporter.
 13027 | Lair:1   | Noticed unhaunting's ghost (journeyman GnNe)
 13030 | Lair:1   | Found a bloodstained altar of Trog.
 13226 | Lair:1   | Found a frozen archway.
 13240 | IceCv    | Entered an ice cave
 13367 | IceCv    | Reached XP level 13. HP: 132/132 MP: 17/17
 13460 | IceCv    | Identified the +9 morningstar of Beyl {flame, *Noise Str+4
                  | Int+4 Dex+5}
 13563 | IceCv    | Reached skill level 1 in Armour
 13967 | IceCv    | Reached skill level 10 in Fighting
 14287 | IceCv    | Got Lijuceng's Incunabulum of Snow and Stones
 16202 | Lair:3   | Found a staircase to the Snake Pit.
 16395 | Lair:3   | You fall into a shaft and drop 2 floors!
 16407 | Lair:5   | Reached skill level 12 in Unarmed Combat
 16677 | Lair:4   | Found a staircase to the Shoals.
 17645 | Lair:3   | Reached XP level 14. HP: 102/144 MP: 19/19
 18214 | Lair:5   | HP: 5/144 [ten-headed hydra (11)]
 18405 | Lair:5   | Reached skill level 5 in Dodging
 19263 | Lair:6   | Entered Level 6 of the Lair of Beasts
 19293 | Lair:6   | Found a staircase to the Slime Pits.
 19294 | Lair:6   | Found a viscous altar of Jiyva.
 19557 | Lair:6   | Reached skill level 10 in Shields
 19581 | Lair:6   | Reached skill level 5 in Armour
 20003 | Lair:6   | Reached skill level 13 in Unarmed Combat
 20372 | Lair:6   | Reached ***** piety under Qazlal
 20690 | Orc:1    | Entered Level 1 of the Orcish Mines
 20941 | Orc:1    | Found a flagged portal.
 20947 | Bailey   | Entered a bailey
 21006 | Bailey   | Identified the +1 dagger of Megalomania {spect, rPois rF+}
 21579 | Orc:2    | Entered Level 2 of the Orcish Mines
 21591 | Orc:2    | Noticed an orc warlord
 21756 | Orc:1    | Killed an orc warlord
 21836 | Orc:2    | Found a staircase to the Elven Halls.
 21897 | Orc:2    | Reached XP level 15. HP: 140/154 MP: 20/20
 22451 | Orc:2    | Found Qios's Antique Armour Shoppe.
 22451 | Orc:2    | Found Neam's Assorted Antiques.
 22512 | Orc:2    | Reached ****** piety under Qazlal
 22627 | Orc:2    | Bought a scroll of teleportation for 57 gold pieces
 22636 | Orc:2    | Bought a glowing scarf for 264 gold pieces
 22907 | Orc:2    | Found Cokarr's Distillery.
 22907 | Orc:2    | Found Guvolol's Distillery.
 22968 | Orc:2    | Paralysed by an orc sorcerer for 6 turns
 23189 | Orc:2    | Bought a potion of curing for 42 gold pieces
 23189 | Orc:2    | Bought a potion of heal wounds for 70 gold pieces
 23189 | Orc:2    | Bought a potion of curing for 42 gold pieces
 23189 | Orc:2    | Bought a potion of haste for 140 gold pieces
 23189 | Orc:2    | Bought a potion of curing for 42 gold pieces
 23189 | Orc:2    | Bought a potion of haste for 140 gold pieces
 23198 | Orc:2    | Bought a potion of heal wounds for 65 gold pieces
 23198 | Orc:2    | Bought a potion of heal wounds for 65 gold pieces
 23198 | Orc:2    | Bought a potion of curing for 39 gold pieces
 23198 | Orc:2    | Bought a potion of might for 52 gold pieces
 23198 | Orc:2    | Bought a potion of might for 52 gold pieces
 23198 | Orc:2    | Bought a potion of mutation for 104 gold pieces
 23198 | Orc:2    | Bought a potion of curing for 39 gold pieces
 23347 | Orc:2    | Noticed an orc warlord
 23369 | Orc:2    | Killed an orc warlord
 23370 | Orc:2    | Reached skill level 14 in Unarmed Combat
 23374 | Orc:2    | Identified the amulet "Saficin" {Faith rF+ Int+4}
 23374 | Orc:2    | Noticed an orc warlord
 23402 | Orc:2    | Killed an orc warlord
 24024 | Orc:2    | Got Cyqereis's Handbook of Creative Weightlessness
 24940 | D:13     | Noticed Rupert
 24981 | D:13     | Paralysed by Rupert for 3 turns
 25006 | D:13     | Killed Rupert
 25563 | D:14     | Found a gate to the Vaults.
 26422 | D:11     | Identified 2 scrolls of acquirement
 26427 | D:11     | Acquired an amulet of regeneration
 26443 | D:11     | Acquired the +2 hat of Eternal Vigilance {rN+ Str+5 Int+6}
 26593 | Lair:1   | Killed unhaunting's ghost
 26950 | Lair:6   | Paralysed by a floating eye for 2 turns
 26968 | Lair:6   | Reached skill level 15 in Unarmed Combat
 27092 | Lair:6   | Reached XP level 16. HP: 167/167 MP: 21/21
 27107 | Lair:6   | Found a corrupted altar of Lugonu.
 27107 | Lair:6   | Found a one-way gate to the infinite horrors of the Abyss.
 27117 | Lair:6   | Upgraded the game from 0.28-a0-1233-g92def6ad0a to
                  | 0.28-a0-1234-g826d19b2e0
 27399 | Snake:1  | Entered Level 1 of the Snake Pit
 28587 | Snake:2  | Noticed Jorgrun
 29116 | Snake:2  | Reached skill level 16 in Unarmed Combat
 29130 | Snake:2  | Noticed Vashnia
 29246 | Snake:2  | Killed Jorgrun
 29600 | Snake:2  | Killed Vashnia
 30024 | Snake:3  | Reached XP level 17. HP: 180/180 MP: 15/22
 30910 | Shoals:1 | Entered Level 1 of the Shoals
 31010 | Shoals:1 | Reached skill level 17 in Unarmed Combat
 31087 | Shoals:1 | Identified the +0 robe of the Orange Skies {-Tele rPois
                  | Will++ rCorr}
 31308 | Shoals:1 | Found Hocof's Magic Scroll Emporium.
 31322 | Shoals:1 | Bought a scroll of blinking for 90 gold pieces
 31322 | Shoals:1 | Bought a scroll of magic mapping for 42 gold pieces
 31322 | Shoals:1 | Bought a scroll of identify for 24 gold pieces
 31322 | Shoals:1 | Bought a scroll of summoning for 114 gold pieces
 31322 | Shoals:1 | Bought a scroll of teleportation for 36 gold pieces
 31322 | Shoals:1 | Bought a scroll of identify for 24 gold pieces
 31362 | Shoals:1 | Found Anwyros's Magic Scroll Shoppe.
 31376 | Shoals:1 | Bought a scroll of teleportation for 51 gold pieces
 31376 | Shoals:1 | Bought a scroll of teleportation for 51 gold pieces
 31376 | Shoals:1 | Bought a scroll of fear for 59 gold pieces
 31376 | Shoals:1 | Bought a scroll of teleportation for 51 gold pieces
 31376 | Shoals:1 | Bought a scroll of teleportation for 51 gold pieces
 31527 | Shoals:1 | Found Seoti's Distillery.
 31536 | Shoals:1 | Bought a potion of heal wounds for 75 gold pieces
 31536 | Shoals:1 | Bought a potion of might for 60 gold pieces
 31536 | Shoals:1 | Bought a potion of heal wounds for 75 gold pieces
 31536 | Shoals:1 | Bought a potion of ambrosia for 120 gold pieces
 31536 | Shoals:1 | Bought a potion of cancellation for 120 gold pieces
 32299 | Shoals:2 | You fall into a shaft and drop 1 floor!
 32300 | Shoals:3 | Noticed Mlioglotl
 32313 | Shoals:3 | Killed Mlioglotl
 32319 | Shoals:3 | Reached skill level 15 in Fighting
 32497 | Shoals:3 | Reached XP level 18. HP: 193/193 MP: 23/23
 32803 | Shoals:3 | Found a runed translucent gate.
 32803 | Shoals:3 | Found a runed translucent gate.
 32803 | Shoals:3 | Found a runed translucent gate.
 32803 | Shoals:3 | Noticed Oliatz's ghost (adept DjFE)
 33731 | Orc:2    | Bought a shiny troll leather armour for 342 gold pieces
 34012 | Snake:4  | Entered Level 4 of the Snake Pit
 34185 | Snake:3  | Reached skill level 15 in Shields
 34420 | Snake:4  | Reached skill level 18 in Unarmed Combat
 35603 | Snake:4  | Got a serpentine rune of Zot
 35852 | Snake:4  | Found Xeckoel's Magic Scroll Emporium.
 35861 | Snake:4  | Bought a scroll of fear for 77 gold pieces
 35861 | Snake:4  | Bought a scroll of summoning for 209 gold pieces
 35863 | Snake:4  | Bought a scroll of teleportation for 66 gold pieces
 36307 | Shoals:4 | Entered Level 4 of the Shoals
 36457 | Shoals:4 | Identified the +10 shortbow "Piaj" {flame, *Corrode rElec
                  | Str+6 Int-2}
 36696 | Shoals:4 | Reached XP level 19. HP: 104/204 MP: 24/24
 36767 | Shoals:4 | Found a runed translucent gate.
 36768 | Shoals:4 | Found a runed translucent gate.
 36771 | Shoals:4 | Found a runed translucent gate.
 37484 | Shoals:4 | Reached skill level 19 in Unarmed Combat
 37750 | Shoals:4 | Got a barnacled rune of Zot
 37892 | Shoals:3 | Killed Oliatz's ghost
 38256 | Vaults:1 | Entered Level 1 of the Vaults
 39815 | Vaults:2 | Reached skill level 10 in Invocations
 40576 | Vaults:2 | Reached XP level 20. HP: 185/217 MP: 26/26
 40801 | Vaults:2 | Found a staircase to the Crypt.
 40818 | Vaults:2 | Found a transporter.
 40861 | Vaults:2 | Found a transporter.
 41633 | Vaults:2 | Killed from afar by an ironbound frostheart

Illustrated notes

Levels and vault maps discovered:
D:1:      co_arrival_random_square_maze, layout_loops_ring,
          dreamdust_ecumenical_altar_hidden_monk_grotto
D:2:      layout_basic, minmay_puff
D:3:      layout_rooms
D:4:      layout_loops_cross, portal_sewer_entry_a, minivault_26
D:5:      layout_basic
D:6:      layout_basic, nicolae_tso_carved_into_rock,
          minmay_temple_entry_slanted, grunt_ministairs_10, uniq_pikel
D:7:      layout_gridville, uniq_crazy_yiuf_cottage, uniq_menkaure
D:8:      layout_basic, hex_medium, uniq_grum
D:9:      layout_basic
D:10:     layout_grid_maze, due_lair_maze_entry_diamond
D:11:     cheibrodos_shockbox, layout_stronghold, nicolae_trove_entry_diagonal,
          fungi_pond_lemuel, uniq_josephine
D:12:     layout_roguey [special_room_orc], orc_david_3, serial_shops, shop
D:13:     layout_basic, minmay_fractal_squares_diagonal_5, uniq_rupert
D:14:     layout_big_octagon, grunt_vaults_entry_tiered, minmay_misc_feat_iff,
          minmay_beelzebubs_servants
Temple:   roderic_octagonal_lattice_temple
Lair:1:   layout_gridlike, gammafunk_ghost_wrathful_warriors,
          portal_ice_cave_rime
Lair:2:   layout_small_grid
Lair:3:   layout_roguey [special_room_bee], minmay_snake_entry_guardpost_small,
          lemuel_fruit_fields, serial_bayou_shore_a, infiniplex_staircase_pool
Lair:4:   layout_long_grid, minmay_shoals_entry_beasts, minivault_27,
          kennysheep_basilisk_garden
Lair:5:   layout_cave_pods, small_statue_intersection
Lair:6:   hellmonk_lair_end_abyssal_woods, layout_hall_layers, slime_altar_1
Shoals:1: layout_shoals, serial_shops, nicolae_shop_statue_plus, shop, shop
Shoals:2: layout_shoals, nicolae_shoals_spring_well_temple
Shoals:3: layout_shoals, gammafunk_ghost_necromancy, uniq_mlioglotl
Shoals:4: shoals_end_simple, layout_shoals, nicolae_shoals_beach_cooler
Snake:1:  layout_gridlike, grunt_megastairs_1, lemuel_fruit_tree
Snake:2:  layout_rooms, nicolae_snake_springs, uniq_jorgrun, uniq_vashnia
Snake:3:  layout_misc_corridors, nrook_loot_triangle, grunt_megastairs_3
Snake:4:  johnstein_snake_rune_scales, layout_rooms, serial_shops,
          nicolae_shop_trees, grunt_megastairs_2
Orc:1:    layout_caves, enter_bailey_3, nicolae_orc_crystal_geode
Orc:2:    st_orc_town, layout_caves, minmay_orc_treasury
Vaults:1: v_misc_11, v_misc_11, ontoclasm_vaults_ligature, v_misc_12,
          vaults_room_fours, vaults_room_stairs_pillars,
          nicolae_vaults_rhombus_7, vaults_room_semicircle,
          nicolae_vaults_border_crossing, layout_vaults_quadrants
Vaults:2: minmay_crypt_entry_simple_box, ontoclasm_vaults_pinch,
          vaults_mumra_hex, gammafunk_dig_for_victory, vaults_room_door_hall,
          nicolae_vaults_network_barrier, v_misc_19, ontoclasm_vaults_twist,
          hangedman_vaults_stagger, hangedman_vaults_snaps,
          vaults_room_door_ring, layout_vaults_omnicross

Skill      XL: |  1  2  3  4  5  6  7  8  9 10 11 12 13 14 15 16 17 18 19 20 |
---------------+-------------------------------------------------------------+-----
Fighting       | 3 4 5 6 7 8 9 10 11 12 14 15 16 17 | 17.0
Unarmed Combat | 3 4 5 7 8 9 10 11 12 13 15 16 17 18 19 | 19.9
Throwing       | 1 2 3 4 5 6 7 9 |  9.1
Shields        | 4 5 6 7 8 9 10 12 13 14 15 | 15.0
Invocations    | 1 4 5 7 8 10 | 10.7
Armour         | 3 5 7 9 |  9.7
Dodging        | 4 5 |  5.0

Action                   |  1- 3 |  4- 6 |  7- 9 | 10-12 | 13-15 | 16-18 | 19-21 || total
-------------------------+-------+-------+-------+-------+-------+-------+-------++-------
Melee: Unarmed           |   116 |   115 |   295 |   725 |  1306 |  1200 |   619 ||  4376
       Punch             |       |     3 |    10 |       |       |       |       ||    13
       Mace              |       |       |       |    28 |       |       |       ||    28
       Morningstar       |       |       |       |       |     4 |       |       ||     4
Throw: Stone             |       |       |     1 |       |   119 |       |       ||   120
       Dart              |       |       |    10 |    41 |    43 |       |       ||    94
       Boomerang         |       |       |       |       |   143 |   181 |       ||   324
       Large rock        |       |       |       |       |    20 |    16 |    28 ||    64
       Javelin           |       |       |       |       |       |       |    12 ||    12
Invok: Upheaval          |       |       |       |     1 |    16 |     4 |     5 ||    26
       Elemental Force   |       |       |       |       |     7 |     3 |     3 ||    13
       Disaster Area     |       |       |       |       |       |     2 |       ||     2
Evoke: Wand              |       |       |       |       |     2 |       |       ||     2
  Use: Scroll            |       |     4 |     6 |     6 |    17 |    14 |     4 ||    51
       Potion            |       |       |       |     3 |     9 |     7 |    16 ||    35
 Stab: Paralysed         |       |       |       |       |     1 |       |       ||     1
Armor: Robe              |    53 |    43 |    18 |       |    36 |       |       ||   150
       Troll leather arm |       |       |    62 |   171 |   180 |   244 |   116 ||   773
Dodge: Dodged            |    62 |    44 |    91 |   195 |   248 |   348 |   123 ||  1111
       Repelled          |       |       |       |     1 |     5 |    22 |     2 ||    30
Block: Kite shield       |       |       |    22 |   388 |   106 |       |       ||   516
       Tower shield      |       |       |       |       |  1127 |  1699 |   637 ||  3463
       Reflection        |       |       |       |       |     5 |       |       ||     5

Table legend: (Time is in decaauts)
 A = Elapsed time spent in this place.
 B = Non-inter-level travel time spent in this place.
 C = Inter-level travel time spent in this place.
 D = Time resting spent in this place.
 E = Time spent auto-exploring this place.
 F = Levels seen in this place.
 G = Mean time per level.
                   A        B        C        D        E       F      G
               +--------+--------+--------+--------+--------+-----+--------+
         Total |  41297 |  37020 |   4277 |   3991 |  17769 |  36 | 1147.1 |
       Dungeon |  14727 |  12724 |   2003 |    572 |   6865 |  14 | 1051.9 |
        Temple |    303 |    266 |     37 |      0 |    243 |   1 |  303.0 |
          Lair |   8073 |   6947 |   1126 |    541 |   4154 |   6 | 1345.5 |
        Shoals |   4456 |   4143 |    313 |    575 |   1763 |   4 | 1114.0 |
     Snake Pit |   5261 |   4932 |    329 |    865 |   1502 |   4 | 1315.2 |
  Orcish Mines |   3471 |   3194 |    277 |    827 |   1290 |   2 | 1735.5 |
        Vaults |   3217 |   3027 |    190 |    448 |   1304 |   2 | 1608.5 |
         Sewer |    298 |    298 |      0 |      0 |    139 |   1 |  298.0 |
        Bailey |    328 |    328 |      0 |      0 |     99 |   1 |  328.0 |
      Ice Cave |   1159 |   1159 |      0 |    162 |    408 |   1 | 1159.0 |
               +--------+--------+--------+--------+--------+-----+--------+

Top non-repeatable levels by time:
   Orc:2: 1895 daAuts
    D:11: 1806 daAuts
Vaults:2: 1773 daAuts
  Lair:6: 1765 daAuts
   Orc:1: 1575 daAuts
 Snake:3: 1541 daAuts
 Snake:4: 1524 daAuts
    D:12: 1458 daAuts
Vaults:1: 1444 daAuts
     D:9: 1400 daAuts
  Lair:4: 1397 daAuts
  Lair:3: 1337 daAuts
Shoals:4: 1321 daAuts
    D:10: 1282 daAuts
Shoals:3: 1259 daAuts
